 Dungeon Crawl Stone Soup version 0.27-a0-760-gc38aae387d (webtiles) character file.

Game seed: 14617797344968889820

206 night the Magician (level 5, 0/41 HPs)
             Began as a Djinni Summoner on Mar 24, 2021.
             Was an Initiate of Makhleb.
             Slain by Grinder (7 damage)
             ... on level 3 of the Dungeon.
             The game lasted 00:10:00 (5005 turns).

night the Magician (Djinni Summoner)                Turns: 5005, Time: 00:10:00

Health: 0/41       AC:  2    Str:  7    XL:     5   Next: 84%
Gold:   177        EV: 12    Int: 17    God:    Makhleb [......] SH:  0 Dex: 14

rFire    + + .     SeeInvis .   l - +3 short sword (venom)
rCold    x . .     Faith    .   (no shield)
rNeg     . . .     Spirit   .   a - +0 robe
rPois    ∞         Reflect  .   (no helmet)
rElec    .         Harm     .   (no cloak)
rCorr    .         Rampage  .   (no gloves)
Will     .....                  (boots unavailable)
Stlth    ++........             (no amulet)
HPRegen  0.13/turn              (no ring)
MPRegen  0.00/turn              (no ring)

@: flying
A: fire resistance 2, cold vulnerability 1, float, innate caster, hp casting,
extra vitality 1
a: Renounce Religion


You were on level 3 of the Dungeon.
You worshipped Makhleb.
Makhleb was noncommittal.
You visited 1 branch of the dungeon, and saw 4 of its levels.

You collected 177 gold pieces.

Inventory:

Hand Weapons
 h - a +0 dagger
 l - a +3 short sword of venom (weapon)
Missiles
 n - a throwing net
 t - 8 poisoned darts
Armour
 a - a +0 robe (worn)
 b - a +0 ring mail
 p - a +3 scale mail
Scrolls
 f - 4 scrolls of identify {unknown}
 g - a scroll of magic mapping {unknown}
 i - a scroll of random uselessness {unknown}
 j - a scroll of enchant armour {unknown}
 m - a scroll of enchant weapon {unknown}
 r - a scroll of blinking {unknown}
 s - a scroll of fog {unknown}
Potions
 c - a potion of heal wounds {unknown}
 d - a potion of might
 e - a potion of haste {unknown}
 k - 2 potions of curing {unknown}
 o - a potion of brilliance {unknown}
 q - a potion of resistance {unknown}
 u - a potion of mutation {unknown}


   Skills:
 + Level 3.6 Fighting
 - Level 2.1 Dodging
 - Level 1.5 Stealth
 + Level 4.9 Spellcasting


You couldn't memorise any spells.
You knew the following spells:

 Your Spells              Type           Power      Damage    Failure   Level
a - Summon Small Mammal   Summ           80%        N/A       1%          1
b - Call Imp              Summ           20%        N/A       3%          2
c - Call Canine Familiar  Summ           20%        N/A       6%          3
d - Summon Guardian Gole  Hex/Summ       20%        N/A       6%          3
e - Summon Lightning Spi  Summ/Air       20%        N/A       19%         4
f - Summon Ice Beast      Ice/Summ       20%        N/A       19%         4
g - Foxfire               Conj/Fire      80%        2x1d8     1%          1
h - Wereblood             Tmut           20%        N/A       3%          2
Your spell library was empty.

Dungeon Overview and Level Annotations

Branches:
Dungeon (4/15)
 Temple: D:4-7

Altars:
Makhleb
Okawaru
Sif Muna

Shops:
D:3 (

Annotations:
D:3 Grinder


Innate Abilities, Weirdness & Mutations

You are immune to poison.
Your flesh is very heat resistant. (rF++)
You are vulnerable to cold. (rC-)
You float through the air rather than walking.
You learn spells naturally, not from books.
Your magical power is your life essence.
You have superior vitality. (+4 HP)


Message History

Casting: Call Imp (safe; 3% risk of failure)
Confirm with . or Enter, or press ? or * to list all spells.
A beastly little devil appears in a puff of flame.
Casting: Call Imp (safe; 3% risk of failure)
Confirm with . or Enter, or press ? or * to list all spells.
A beastly little devil appears in a puff of frigid air.
You swap places.
Grinder hits your guardian golem but does no damage.
Grinder hits your guardian golem but does no damage.
Grinder blinks!
Grinder hits your guardian golem but does no damage.
Grinder hits your guardian golem but does no damage.
Your crimson imp blinks!
Grinder hits your guardian golem. Grinder hits your guardian golem!
Your guardian golem overheats!
Grinder hits your guardian golem. Flame seeps out of your guardian golem.
Your crimson imp blinks!
Grinder blinks!
Your guardian golem disappears in a puff of smoke!
Grinder barely misses your crimson imp.
Your crimson imp closely misses Grinder.
Grinder hits your crimson imp!
Your crimson imp hits Grinder but does no damage.
Grinder gestures at you.
Your crimson imp easily resists.
Your white imp disappears in a puff of smoke!
Your crimson imp hits Grinder but does no damage.
Grinder blinks!
You barely miss Grinder.
Grinder is lightly wounded.
Grinder hits you.
* * * LOW HITPOINT WARNING * * *
You writhe in agony.
* * * LOW HITPOINT WARNING * * *
Your crimson imp hits Grinder but does no damage.
You hit Grinder.
Grinder is moderately wounded.
Grinder hits you!
You die...

### ######
#.##########.##.########
#.#..§..5.55@...........
#.#.########.##.########
#.#.# #.##.# ### #|#.#
#.##.# ..# #.#.# #.##.#
..###.#.########'##.##
..#..........#.......#
..'...#.####.#......##
..#+#+#.####.#......#


You could see Grinder (ally target) and 2 friendly crimson imps.

Vanquished Creatures
  A crimson imp (D:2)
  An iguana (D:4)
  A howler monkey skeleton (D:4)
  An adder (D:2)
  2 gnolls (D:2)
  A dart slug (D:3)
  3 giant cockroaches (D:2)
  A hobgoblin (D:1)
  2 jackals (D:4)
  A quokka (D:4)
  3 ball pythons
  A frilled lizard (D:2)
  2 kobolds (D:4)
  3 rats
23 creatures vanquished.

Vanquished Creatures (collateral kills)
  Terence (D:3)
  A hound zombie (D:2)
  2 gnolls (D:2)
  3 adders (D:2)
  2 worms
  An orc (D:3)
  A ball python (D:2)
  3 endoplasms
  2 giant cockroaches
  A goblin (D:1)
  2 hobgoblins (D:1)
  8 jackals
  A quokka (D:1)
  3 bats
  A rat (D:1)
32 creatures vanquished.

Vanquished Creatures (others)
  A bullfrog skeleton (D:4)
1 creature vanquished.

Grand Total: 56 creatures vanquished

Notes
Turn   | Place    | Note
-------+----------+-------------------------------------------
     0 | D:1      | night the Djinni Summoner began the quest for the Orb.
     0 | D:1      | Reached XP level 1. HP: 15/15 MP: 0/0
   891 | D:1      | Reached skill level 1 in Fighting
   891 | D:1      | Reached XP level 2. HP: 20/22 MP: 0/0
  1655 | D:2      | Reached skill level 4 in Spellcasting
  1655 | D:2      | Reached XP level 3. HP: 11/27 MP: 0/0
  1655 | D:2      | Learned a level 1 spell: Foxfire
  2372 | D:2      | Reached skill level 2 in Fighting
  2814 | D:2      | Reached XP level 4. HP: 28/34 MP: 0/0
  3366 | D:2      | Found a burning altar of Makhleb.
  3375 | D:2      | Became a worshipper of Makhleb the Destroyer
  3381 | D:2      | Reached XP level 5. HP: 33/40 MP: 0/0
  3381 | D:2      | Learned a level 2 spell: Wereblood
  3770 | D:3      | Noticed Terence
  3786 | D:3      | Killed Terence
  3935 | D:3      | You are sucked into a shaft and drop 1 floor!
  4330 | D:4      | HP: 1/40 [iguana (12)]
  4761 | D:3      | Found Udysmeez's Weapon Boutique.
  4839 | D:3      | Found an iron altar of Okawaru.
  4962 | D:3      | Noticed Grinder
  4978 | D:3      | Paralysed by Grinder for 6 turns
  5005 | D:3      | Slain by Grinder

Illustrated notes

Levels and vault maps discovered:
D:1:      lightli_iron_boxes, layout_rooms, minmay_vboxes
D:2:      layout_loops_ring, nicolae_overflow_hidden_temple,
          makhleb_grotto_becter
D:3:      kb_forest_paths, layout_basic, old_standard_altar, serial_shops,
          nicolae_shop_waterfront, uniq_terence, uniq_grinder,
          uniq_crazy_yiuf_cottage
D:4:      layout_basic, led_xom_imps, cheibrodos_sewer_entry_bend, uniq_sigmund

Skill      XL: |  1  2  3  4 |
---------------+-------------+-----
Fighting       | 1 2 3 |  3.6
Spellcasting   | 4 |  4.9
Dodging        | |  2.1
Stealth        | |  1.5

Action                   |  1- 3 |  4- 6 || total
-------------------------+-------+-------++-------
Melee: Unarmed           |    21 |       ||    21
       Dagger            |    26 |       ||    26
       Short sword       |     7 |    61 ||    68
 Cast: Summon Small Mamm |    30 |       ||    30
       Call Imp          |    16 |     6 ||    22
       Call Canine Famil |     1 |     6 ||     7
       Summon Ice Beast  |       |     4 ||     4
       Summon Guardian G |       |     6 ||     6
       Summon Lightning  |       |     1 ||     1
  Use: Potion            |       |     1 ||     1
 Stab: Sleeping          |     1 |     2 ||     3
Armor: Robe              |    18 |    14 ||    32
Dodge: Dodged            |    50 |    46 ||    96

Table legend: (Time is in decaauts)
 A = Elapsed time spent in this place.
 B = Non-inter-level travel time spent in this place.
 C = Inter-level travel time spent in this place.
 D = Time resting spent in this place.
 E = Time spent auto-exploring this place.
 F = Levels seen in this place.
 G = Mean time per level.
                   A        B        C        D        E       F      G
               +--------+--------+--------+--------+--------+-----+--------+
         Total |   5010 |   4915 |     95 |    521 |   3681 |   4 | 1252.5 |
       Dungeon |   5010 |   4915 |     95 |    521 |   3681 |   4 | 1252.5 |
               +--------+--------+--------+--------+--------+-----+--------+

Top non-repeatable levels by time:
     D:2: 2163 daAuts
     D:1: 1554 daAuts
     D:4: 819 daAuts
     D:3: 472 daAuts
